 Dungeon Crawl Stone Soup version 0.30-a0-883-g5ad918d77d (webtiles) character file.

Game seed: 17992485941903349539

189 112233 the Insei (level 5, 0/39 HPs)
             Began as a Demonspawn Transmuter on Mar 15, 2023.
             Slain by a gnoll
             ... wielding a +0 halberd
              (7 damage)
             ... on level 4 of the Dungeon.
             The game lasted 00:03:27 (2486 turns).

112233 the Insei (Demonspawn Transmuter)            Turns: 2486, Time: 00:03:28

Health: 0/39       AC:  5    Str: 10    XL:     5   Next: 40%
Magic:  9/9        EV: 12    Int: 17    God:
Gold:   123        SH:  0    Dex: 13    Spells: 5/10 levels left

rFire   + + .      SeeInvis .    p - +1 spear of Calamity {venom, *Rage +Blink rElec rF++}
rCold   . . .      Faith    .    (no shield)
rNeg    . . .      Spirit   .    a - +0 robe
rPois   .          Reflect  .    n - +1 hat
rElec   +          Rampage  .    (no cloak)
rCorr   .          Rage     20%  j - +1 pair of gloves
Will    .....                    (no boots)
Stlth   +                        (no amulet)
HPRegen 0.26/turn                (no ring)
MPRegen 0.11/turn                (no ring)

@: attractive, flying
A: hooves 1, spiny 1
a: Evoke Blink


You were on level 4 of the Dungeon.
You visited 1 branch of the dungeon, and saw 4 of its levels.

You collected 123 gold pieces.

Inventory:

Hand Weapons
 b - a +0 sling
 p - the +1 spear of Calamity (weapon) {venom, *Rage +Blink rElec rF++}
   (You found it on level 3 of the Dungeon)

   rF:        It greatly protects you from fire.
   rElec:     It insulates you from electricity.
   +Blink:    It lets you blink.
   *Rage:     It berserks you when you make melee attacks (+20% chance).
Missiles
 e - 3 throwing nets
Armour
 a - a +0 robe (worn)
 j - a +1 pair of gloves (worn)
 n - a +1 hat (worn)
Jewellery
 s - a ring of protection from cold
Scrolls
 g - a scroll of fear {unknown}
 i - 3 scrolls of identify {unknown}
 o - 2 scrolls of brand weapon {unknown}
 q - 2 scrolls of fog {unknown}
 r - a scroll of summoning {unknown}
 t - a scroll of noise {unknown}
 u - a scroll of enchant armour {unknown}
 v - a scroll of teleportation {unknown}
 w - a scroll of vulnerability {unknown}
Potions
 c - a potion of heal wounds {unknown}
 d - a potion of attraction
 f - a potion of flight
 h - a potion of cancellation {unknown}
 k - 2 potions of haste {unknown}
 l - a potion of curing {unknown}
 m - a potion of ambrosia {unknown}


   Skills:
 + Level 2.7 Fighting
 + Level 3.0 Dodging
 - Level 3.1 Unarmed Combat
 + Level 3.1 Spellcasting
 - Level 2.4 Transmutations


You had 5 spell levels left.
You knew the following spells:

 Your Spells              Type           Power      Damage    Failure   Level
a - Beastly Appendage     Tmut           20%        N/A       6%          1
b - Blink                 Tloc           4%         N/A       26%         2
c - Wereblood             Tmut           10%        N/A       10%         2

Your spell library contained the following spells:

 Spells                   Type           Power      Damage    Failure   Level
 Summon Small Mammal      Summ           8%         N/A       17%         1
 Lesser Beckoning         Tloc           4%         N/A       26%         2
 Momentum Strike          Conj/Tloc      4%         3d8       26%         2
 Spider Form              Tmut/Pois      6%         N/A       32%         3
 Call Canine Familiar     Summ           2%         N/A       45%         3
 Frozen Ramparts          Ice            4%         1d1       45%         3
 Kindle Blastsparks       Fire/Tloc/Air  4%         2d10      45%         3
 Summon Guardian Golem    Hex/Summ       2%         N/A       45%         3
 Ice Form                 Ice/Tmut       6%         N/A       71%         4
 Anguish                  Hex/Necr       1%         N/A       86%         4
 Fulminant Prism          Conj/Hex       1%         3d5       86%         4
 Iskenderun's Mystic Bla  Conj/Tloc      2%         2d3       86%         4
 Summon Ice Beast         Ice/Summ       2%         N/A       86%         4
 Lee's Rapid Deconstruct  Erth           1%         3d4*      99%         5
 Infestation              Necr           1%         N/A       100%        8
 Necromutation            Tmut/Necr      3%         N/A       100%        8


Dungeon Overview and Level Annotations

Branches:
Dungeon (4/15)
 Temple: D:4-7

Altars:

Shops:
D:2 !   D:4 *


Innate Abilities, Weirdness & Mutations

You have large cloven feet.
You are partially covered in sharp spines.


Message History

The gnoll is moderately wounded.
The gnoll is struck by your spines. The gnoll closely misses you. x2
Unknown command.
You hit the gnoll but do no damage. You punch the gnoll, but do no damage.
The gnoll is moderately wounded.
The gnoll is struck by your spines. The gnoll hits you with a +0 flail!
The gnoll closely misses you.
You hit the gnoll.
The gnoll is poisoned.
Your kick misses the gnoll. You punch the gnoll.
You kill the gnoll!
The gnoll hits you from afar with a +0 halberd.
Unknown command.
You hit the gnoll.
The gnoll is poisoned.
You kick the gnoll.
The gnoll is heavily wounded.
The gnoll hits you from afar with a +0 halberd.
The gnoll is struck by your spines. The gnoll hits you with a +0 club.
Unknown command.
You hit the gnoll but do no damage.
The gnoll looks as sick as possible!
You kick the gnoll.
You kill the gnoll!
The gnoll barely misses you.
Your Dodging skill increases to level 3!
Unknown command.
You aren't carrying any items that you can evoke.
Unknown command.
It was a potion of attraction.
You feel attractive to monsters. The gnoll is attracted toward you.
Unknown command.
You hit the hobgoblin.
The hobgoblin is poisoned.
You kick the hobgoblin.
The hobgoblin is severely wounded.
The gnoll hits you from afar with a +0 halberd!
* * * LOW HITPOINT WARNING * * *
The hobgoblin hits you but does no damage.
Unknown command.
It was a potion of flight.
You feel very buoyant.
You fly up into the air.
The gnoll hits you from afar with a +0 halberd!
You die...

. # +#.. #. .....
#.###.####.....#
.......@gg§.....
#..##.#.#######.
#. ##.#.# . #..#.#
#.#.##†# #.#.##.#
#......#
#####.####
##......########..


You could see a gnoll and a hobgoblin (very poisoned).

Vanquished Creatures
  A sleepcap (D:4)
  4 adders
  6 gnolls
  4 dart slugs
  An orc (D:4)
  2 ball pythons
  3 bats
  7 endoplasms
  4 giant cockroaches
  7 goblins
  9 hobgoblins
  2 quokkas
  2 frilled lizards (D:2)
  4 kobolds
  4 rats
60 creatures vanquished.

Notes
Turn   | Place    | Note
-------+----------+-------------------------------------------
     0 | D:1      | 112233 the Demonspawn Transmuter began the quest for the
                  | Orb.
     0 | D:1      | Reached XP level 1. HP: 15/15 MP: 3/3
   117 | D:1      | Gained mutation: You are partially covered in sharp spines.
                  | [demonic ancestry]
   117 | D:1      | Reached XP level 2. HP: 17/21 MP: 3/5
   637 | D:2      | Reached XP level 3. HP: 25/26 MP: 6/6
   806 | D:2      | Reached XP level 4. HP: 33/33 MP: 7/7
   818 | D:2      | Found Duwud's Distillery.
   907 | D:2      | Learned a level 2 spell: Blink
  1443 | D:3      | Identified the +1 spear of Calamity {venom, *Rage +Blink
                  | rElec rF++}
  1914 | D:3      | Learned a level 2 spell: Wereblood
  2029 | D:3      | Gained mutation: You have large cloven feet. [demonic
                  | ancestry]
  2029 | D:3      | Reached XP level 5. HP: 39/39 MP: 9/9
  2320 | D:4      | Found Pocaqal's Assorted Antiques.
  2392 | D:4      | Got the Information on the Grave
  2486 | D:4      | Slain by a gnoll

Illustrated notes

Levels and vault maps discovered:
D:1:      dpeg_arrival_pond, layout_rooms
D:2:      layout_loops_ring, serial_shops, shop_statue, minmay_misc_feat_x
D:3:      minmay_inner_zag, layout_basic
D:4:      layout_loops_cross, portal_sewer_entry_f, serial_shops,
          nicolae_shop_bloodbath_and_beyond, nicolae_shop_trees,
          kennysheep_mini_moat, moated_statue

Skill      XL: |  1  2  3  4  5 |
---------------+----------------+-----
Dodging        | 2 3 |  3.0
Transmutations | 2 |  2.4
Unarmed Combat | 3 |  3.1
Fighting       | 2 |  2.7
Spellcasting   | 3 |  3.1

Action                     |  1- 3 |  4- 6 || total
---------------------------+-------+-------++-------
  Melee: Unarmed           |    40 |       ||    40
         Kick              |     6 |     8 ||    14
         Headbutt          |     3 |       ||     3
         Spear             |       |    51 ||    51
         Punch             |       |     5 ||     5
   Fire: Sling             |    28 |    35 ||    63
   Cast: Beastly Appendage |    11 |       ||    11
    Use: Potion            |     1 |     2 ||     3
   Stab: Sleeping          |     1 |     2 ||     3
 Armour: Robe              |     8 |     8 ||    16
         Skin              |     3 |       ||     3
  Dodge: Dodged            |    28 |    21 ||    49

Table legend: (Time is in decaauts)
 A = Elapsed time spent in this place.
 B = Non-inter-level travel time spent in this place.
 C = Inter-level travel time spent in this place.
 D = Time resting spent in this place.
 E = Time spent auto-exploring this place.
 F = Levels seen in this place.
 G = Mean time per level.
                   A        B        C        D        E       F      G
               +--------+--------+--------+--------+--------+-----+--------+
         Total |   2549 |   2398 |    151 |    181 |   1814 |   4 |  637.2 |
       Dungeon |   2549 |   2398 |    151 |    181 |   1814 |   4 |  637.2 |
               +--------+--------+--------+--------+--------+-----+--------+

Top non-repeatable levels by time:
     D:3: 931 daAuts
     D:2: 793 daAuts
     D:1: 636 daAuts
     D:4: 188 daAuts
